 Dungeon Crawl Stone Soup version 0.18.1-48-g4cf74bf (webtiles) character file.

24 Lindan9 the Grave Robber (level 2, -2/19 HPs)
             Began as a Vampire Necromancer on Aug 14, 2016.
             Slain by a hobgoblin (5 damage)
             ... on level 1 of the Dungeon.
             The game lasted 00:03:44 (727 turns).

Lindan9 the Grave Robber (Vampire Necromancer)       Turns: 727, Time: 00:03:44

Health: -2/19      AC:  4    Str:  7    XL:     2   Next: 79%
Magic:  1/5        EV: 12    Int: 17    God:
Gold:   11         SH:  0    Dex: 14    Spells: 1 memorised, 4 levels left

rFire  . . .     SeeInvis +     d - +0 dagger
rCold  . . .     Gourm    .     a - +0 robe
rNeg   + . .     Faith    .     (no shield)
rPois  +         Spirit   .     (no helmet)
rElec  .         Dismiss  .     m - +0 cloak
rCorr  .         Reflect  .     f - +0 pair of gloves
SustAt .         Harm     .     (no boots)
MR     .....                    o - amulet of magic regeneration
Stlth  +++.......               (no ring)
                                l - ring of poison resistance

@: not resistant to hostile enchantments, fairly stealthy
A: fangs 3, see invisible, unbreathing
a: no special abilities


You were on level 1 of the Dungeon.
You were not thirsty.

You visited 1 branch of the dungeon, and saw 1 of its levels.

You collected 11 gold pieces.

Inventory:

Hand Weapons
 d - a +0 dagger (weapon)
Armour
 a - a +0 robe (worn)
 f - a +0 pair of gloves (worn)
 m - a +0 cloak (worn)
Jewellery
 l - a ring of poison resistance (left hand)
 o - an amulet of magic regeneration (around neck)
Potions
 c - 2 potions of blood
 e - a potion of lignification {unknown}
 h - a potion of resistance {unknown}
 i - 3 potions of haste {unknown}
 j - a potion of agility {unknown}
 n - a potion of flight {unknown}
Books
 b - a book of Necromancy

   Spells                             Type                      Level
   a - Pain                           Necromancy                   1
   b - Animate Skeleton               Necromancy                   1
   c - Vampiric Draining              Necromancy                   3
   d - Regeneration                   Charms/Necromancy            3
   e - Animate Dead                   Necromancy                   4
   f - Control Undead                 Necromancy                   4


   Skills:
 + Level 2.2 Dodging
 + Level 3.2 Stealth
 + Level 2.1 Spellcasting
 + Level 5.1 Necromancy


You had 4 spell levels left.
You knew the following spells:

 Your Spells              Type           Power        Failure   Level  Hunger
a - Pain                  Necr           ###.         2%          1    #......


Dungeon Overview and Level Annotations

Branches:
Dungeon (1/15)

Altars:


Innate Abilities, Weirdness & Mutations

You have razor-sharp teeth.
You have supernaturally acute eyesight.
You can survive without breathing.


Message History

You hit the hobgoblin but do no damage.
The hobgoblin is moderately wounded.
The hobgoblin closely misses you.
A kobold comes into view. It is wielding a short sword.
The kobold shouts!
You hit the hobgoblin but do no damage.
The hobgoblin is moderately wounded.
The hobgoblin hits you.
You hit the hobgoblin but do no damage.
The hobgoblin is moderately wounded.
The hobgoblin hits you.
* * * LOW HITPOINT WARNING * * *
You are too injured to fight recklessly!
Casting: Pain
Confirm with . or Enter, or press ? or * to list all spells.
Aiming: Pain
Press: ? - help, Shift-Dir - straight line, f - hobgoblin
Aim: a hobgoblin (moderately wounded, chance to defeat MR: 94%)
The hobgoblin barely resists.
The hobgoblin hits you.
You die...

.
#.........###.#.#.#####.#.#.#.
#.........# #.#.#.#...#.#.#.#.
...........#
#.#.#.#...#.#.#.#.
........####
#.'.#.#.<...#.'.#. .....######
#.#.#.#...#.#.#.#. ....# #...
#.#.#.#...#.#.#.#.
...#...##.#.#.#####.#.#.#.
........#.#.#.......#.#...
.......†g@#.####.####.#.#.
........#.#...........#.#.
.....K..#.#############.#.
..#.....#.. ..........#. g
#.....#### ##.########.
+...... ............ #######
........... ...........
####......


You could see a hobgoblin and a kobold.

Vanquished Creatures
  3 dart slugs (D:1)
  2 bats (D:1)
  2 goblins (D:1)
  2 hobgoblins (D:1)
  4 jackals (D:1)
  A giant newt (D:1)
  A kobold (D:1)
  2 rats (D:1)
17 creatures vanquished.

Notes
Turn   | Place    | Note
--------------------------------------------------------------
     0 | D:1      | Lindan9 the Vampire Necromancer began the quest for the Orb.
     0 | D:1      | Reached XP level 1. HP: 13/13 MP: 3/3
   232 | D:1      | Reached XP level 2. HP: 16/19 MP: 0/5
   568 | D:1      | Reached skill level 5 in Necromancy
   727 | D:1      | Slain by a hobgoblin

Skill      XL: |  1  2 |
---------------+-------+-----
Necromancy     | 5 |  5.1
Dodging        | |  2.2
Stealth        | |  3.2
Spellcasting   | |  2.1

Action                   || total
-------------------------++-------
Melee: Dagger            ||    15
       Bite              ||     1
 Cast: Pain              ||    25
  Use: Scroll            ||     3
  Eat: Corpse            ||     2
Armor: Robe              ||     6
Dodge: Dodged            ||    13
